 Dungeon Crawl Stone Soup version 0.26-a0-610-g3e9335b (webtiles) character file.

Game seed: 8223042462180842149

286 B1Gdaddy5 the Cudgeler (level 6, -1/48 HPs)
             Began as a Human Berserker on Sept 3, 2020.
             Was a Believer of Trog.
             Killed from afar by Sigmund (2 damage)
             ... with a puff of flame
             ... on level 3 of the Dungeon.
             The game lasted 00:23:18 (2297 turns).

B1Gdaddy5 the Cudgeler (Human Berserker)            Turns: 2297, Time: 00:23:19

Health: -1/48      AC: 12    Str: 19    XL:     6   Next: 56%
Magic:  6/6        EV:  8    Int:  8    God:    Trog [**....]
Gold:   184        SH:  0    Dex: 12    Spells: 5/5 levels left

rFire    . . .     SeeInvis .   p - +2 dagger (protect)
rCold    . . .     Faith    .   (no shield)
rNeg     . . .     Spirit   .   q - +0 chain mail
rPois    .         Reflect  .   l - +1 hat
rElec    .         Harm     .   (no cloak)
rCorr    .                      e - +0 pair of gloves
MR       .....                  o - +0 pair of boots
Stlth    ..........             (no amulet)
HPRegen  0.16/turn              (no ring)
MPRegen  0.10/turn              (no ring)

@: no status effects
A: no striking features
a: Berserk, Trog's Hand, Renounce Religion


You were on level 3 of the Dungeon.
You worshipped Trog.
Trog was pleased with you.
You visited 1 branch of the dungeon, and saw 3 of its levels.

You collected 184 gold pieces.

Inventory:

Hand Weapons
 a - a +0 mace
 p - a +2 dagger of protection (weapon)
Missiles
 m - 2 poisoned darts (quivered)
Armour
 e - a +0 pair of gloves (worn)
 f - a +0 scale mail
 l - a +1 hat (worn)
 o - a +0 pair of boots (worn)
 q - a +0 chain mail (worn)
Scrolls
 b - 2 scrolls of fear {unknown}
 d - 4 scrolls of identify {unknown}
 h - 2 scrolls of remove curse {unknown}
 j - 2 scrolls of immolation {unknown}
 k - a scroll of magic mapping {unknown}
 n - 2 scrolls of enchant weapon {unknown}
 t - a scroll of blinking {unknown}
Potions
 c - a potion of cancellation {unknown}
 g - a potion of lignification {unknown}
 i - a potion of haste {unknown}
 r - a potion of heal wounds {unknown}
 s - a potion of stabbing {unknown}
 u - a potion of invisibility {unknown}


   Skills:
 + Level 3.9 Fighting
 * Level 2.9 Short Blades
 - Level 4.1 Maces & Flails
 - Level 0.4 Throwing
 + Level 3.1 Armour
 + Level 2.8 Dodging
 + Level 0.6 Stealth


You had 5 spell levels left.
You didn't know any spells.
Your spell library was empty.

Dungeon Overview and Level Annotations

Branches:
Dungeon (3/15)

Altars:
Wu Jian

Annotations:
D:3 Sigmund


Message History

Sigmund zaps a wand.
The puff of flame hits you!
Sigmund hits you from afar with a +0 scythe!
Sigmund zaps a wand.
The puff of flame hits you but does no damage.
You hit Sigmund.
Your weapon exudes an aura of protection.
Sigmund is lightly wounded.
Sigmund casts a spell at you.
You are confused.
Sigmund hits you with a +0 scythe. Sigmund hits you but does no damage.
Sigmund hits you with a +0 scythe. Sigmund gestures at you while chanting.
The puff of flame hits you.
* * * LOW HITPOINT WARNING * * *
You feel less confused.
Sigmund zaps a wand.
The puff of flame hits you!
* * * LOW HITPOINT WARNING * * *
Sigmund zaps a wand.
The puff of flame hits you.
You die...

#.
###.##(....###
#. ##...###....#
#
#####.#####..###
#....# #
#..........†##
#....#
#..........##
#....#
#.........$#
######
#.........##
#.........#
#......@@.# #
#.....(...# #
#.......>.# #
#........!#
###########


You could see Sigmund.

Vanquished Creatures
  The ghost of ardl the Charlatan, an amateur GnAr (D:3)
  3 adders
  2 worms (D:2)
  3 dart slugs
  3 leopard geckos
  2 giant cockroaches
  5 goblins
  9 hobgoblins
  2 jackals (D:3)
  A ball python (D:1)
  2 bats (D:1)
  4 frilled lizards
  7 kobolds
  8 rats
52 creatures vanquished.

Notes
Turn   | Place    | Note
-------+----------+-------------------------------------------
     0 | D:1      | B1Gdaddy5 the Human Berserker began the quest for the Orb.
     0 | D:1      | Reached XP level 1. HP: 18/18 MP: 1/1
   116 | D:1      | Reached XP level 2. HP: 16/24 MP: 2/2
   490 | D:1      | Reached XP level 3. HP: 25/29 MP: 3/3
   906 | D:2      | Reached XP level 4. HP: 35/35 MP: 4/4
  1041 | D:2      | Reached ** piety under Trog
  1041 | D:2      | Reached skill level 4 in Maces & Flails
  1626 | D:3      | Found a runed translucent door.
  1626 | D:3      | Noticed ardl's ghost (amateur GnAr)
  1826 | D:3      | Killed ardl's ghost
  1826 | D:3      | Reached XP level 5. HP: 14/42 MP: 5/5
  1826 | D:3      | Reached XP level 6. HP: 16/48 MP: 6/6
  2055 | D:3      | Found an ornate altar of the Wu Jian Council.
  2223 | D:3      | Found a faded altar of an unknown god.
  2281 | D:3      | Noticed Sigmund
  2296 | D:3      | HP: 1/48 [Sigmund/puff of flame (9)]
  2297 | D:3      | Killed from afar by Sigmund

Illustrated notes

Levels and vault maps discovered:
D:1:      lemuel_arrival_broad_hall, layout_rooms, minmay_misc_feat_chi,
          minmay_split_cup_small
D:2:      layout_basic, minmay_misc_feat_x
D:3:      layout_rooms, nicolae_overflow_hidden_temple,
          hellmonk_ghost_happy_afterlife, chequers_ecumenical_altar_grove,
          minivault_25, uniq_sigmund

Skill      XL: |  1  2  3  4 |
---------------+-------------+-----
Maces & Flails | 4 |  4.1
Short Blades   | 2 |  2.9
Armour         | 3 |  3.1
Fighting       | |  3.9
Throwing       | |  0.4
Dodging        | |  2.8
Stealth        | |  0.6

Action                   |  1- 3 |  4- 6 || total
-------------------------+-------+-------++-------
Melee: Mace              |    70 |    24 ||    94
       Dagger            |       |   131 ||   131
Throw: Dart              |       |     6 ||     6
Invok: Berserk           |     3 |     4 ||     7
Armor: Animal skin       |    10 |       ||    10
       Scale mail        |    37 |    22 ||    59
       Chain mail        |       |   143 ||   143
Dodge: Dodged            |    52 |    98 ||   150

Table legend: (Time is in decaauts)
 A = Elapsed time spent in this place.
 B = Non-inter-level travel time spent in this place.
 C = Inter-level travel time spent in this place.
 D = Time resting spent in this place.
 E = Time spent auto-exploring this place.
 F = Levels seen in this place.
 G = Mean time per level.
                   A        B        C        D        E       F      G
               +--------+--------+--------+--------+--------+-----+--------+
         Total |   2368 |   2340 |     28 |    332 |   1018 |   3 |  789.3 |
       Dungeon |   2368 |   2340 |     28 |    332 |   1018 |   3 |  789.3 |
               +--------+--------+--------+--------+--------+-----+--------+

Top non-repeatable levels by time:
     D:1: 854 daAuts
     D:2: 810 daAuts
     D:3: 703 daAuts
